[Event "Titled Tuesday Blitz December 13 Early 2022"]
[White "Jaracz, Pawel"]
[Black "Hirneise, Jens"]
[WhiteFideId "1102222"]
[BlackFideId "24614734"]
[WhiteElo "2460"]
[BlackElo "2345"]
[Result "0-1"]
[Round "03"]
[TimeControl "180+1"]
[Date "2022.12.14"]
[WhiteClock "0:00:54"]
[BlackClock "0:00:10"]

1. e4 e5 2. Nf3 Nf6 3. Nc3 Nc6 4. Bb5 Bb4 5. O-O O-O 6. d3 Re8 7. Bg5 h6 8. Bh4 a6 9. Ba4 b5 10. Bb3 Be7 11. Re1 d6 12. Nd5 Nxd5 13. Bxd5 Bb7 14. Bg3 Na5 15. Bxb7 Nxb7 16. d4 Bf6 17. a4 bxa4 18. Rxa4 exd4 19. Rc4 c5 20. b4 Qb6 21. bxc5 dxc5 22. e5 Be7 23. Ra4 Qb5 24. Qa1 a5 25. Rb1 Qc6 26. Nd2 f6 27. Nc4 fxe5 28. Nxe5 Qd5 29. Nc4 Ra6 30. h3 Bf6 31. Qa3 Re2 32. Nxa5 Nxa5 33. Rb8+ Kh7 34. Qd3+ Qe4 35. Qxa6 Nc6 36. Rc8 Nb4 37. Rxc5 Nxa6 38. Rxa6 Rxc2 39. Rca5 Rc1+ 40. Kh2 Qe1 41. Bf4 Qg1+ 42. Kg3 Rc3+ 43. f3 Qe1+ 44. Kg4 Qe8 45. h4 Rc2 46. g3 Qd7+ 47. Rf5 g6 48. Rxf6 gxf5+ 49. Rxf5 Rc5 50. Be5 Rxe5 0-1


[Site "https://www.chess.com"]

[Event "Titled Tuesday Blitz December 13 Early 2022"]
[White "Jimenez Almeida, Luis David"]
[Black "Khripachenko, Alexander"]
[WhiteFideId "22242244"]
[BlackFideId "54184975"]
[WhiteElo "2158"]
[BlackElo "2301"]
[Result "0-1"]
[Round "03"]
[TimeControl "180+1"]
[Date "2022.12.14"]
[WhiteClock "0:00:00"]
[BlackClock "0:00:13"]

1. e4 e5 2. Nf3 Nf6 3. d4 Nxe4 4. Bd3 Nc6 5. dxe5 Nc5 6. O-O d6 7. Re1 Nxd3 8. Qxd3 Be6 9. Nc3 dxe5 10. Qb5 Qd7 11. Nxe5 Nxe5 12. Qxe5 O-O-O 13. Bf4 Qc6 14. Rad1 Bd6 15. Qe3 Bc5 16. Qg3 Rxd1 17. Rxd1 Rg8 18. a3 a6 19. Be3 Bd6 20. Qh4 h6 21. Qd4 b6 22. Ne4 Be7 23. Qd3 Rd8 24. Qxa6+ Kb8 25. Rxd8+ Bxd8 26. Qd3 Be7 27. Nc3 f6 28. b4 Bd6 29. h3 Be5 30. Bd4 Bd6 31. Qe3 Qc4 32. Ne4 Be7 33. c3 Bf8 34. g4 Bd5 35. Nd2 Qc6 36. b5 Qxb5 37. c4 Bxc4 38. Nxc4 Qxc4 39. Qe8+ Kb7 40. Qxf8 Qxd4 41. Qxg7 Qf4 42. Qd7 Qc1+ 43. Kg2 Qxa3 44. Qd5+ Ka7 0-1


[Site "https://www.chess.com"]

[Event "Titled Tuesday Blitz December 13 Early 2022"]
[White "Kaidanov, Gregory"]
[Black "Donskov, Anatoly"]
[WhiteFideId "2008564"]
[BlackFideId "24143413"]
[WhiteElo "2578"]
[BlackElo "2219"]
[Result "0-1"]
[Round "03"]
[TimeControl "180+1"]
[Date "2022.12.14"]
[WhiteClock "0:00:08"]
[BlackClock "0:00:08"]

1. d4 d5 2. c4 dxc4 3. e3 Nf6 4. Bxc4 e6 5. Nf3 c5 6. O-O a6 7. a4 cxd4 8. exd4 Nc6 9. Nc3 Be7 10. Re1 O-O 11. Bf4 Nb4 12. Qd2 Nbd5 13. Bg3 Re8 14. Ne5 Bd7 15. Bh4 Rc8 16. Bb3 Bc6 17. Rac1 Qb6 18. Ba2 Nxc3 19. bxc3 Nd5 20. Bxe7 Rxe7 21. c4 Nf6 22. a5 Qc7 23. d5 exd5 24. cxd5 Rxe5 25. Rxe5 Qxe5 26. dxc6 bxc6 27. Re1 Qc7 28. Bc4 Rd8 29. Qc3 h6 30. Bxa6 Ra8 31. Bc4 Rxa5 32. h3 Ra8 33. Qb4 c5 34. Qb3 Rd8 35. Rb1 g6 36. Qf3 Qe7 37. Rb7 Rd7 38. Rb8+ Kg7 39. g3 Qe5 40. Rb6 h5 41. Rc6 Rd4 42. Bd3 h4 43. Kg2 hxg3 44. fxg3 Rb4 45. h4 Rb2+ 46. Kh3 Qd4 47. Be2 Qd7+ 48. g4 Qd4 49. g5 Nd5 50. Rf6 Nxf6 51. gxf6+ Qxf6 52. Qe4 Qe6+ 53. Qxe6 fxe6 54. Kg4 Rxe2 0-1


[Site "https://www.chess.com"]

[Event "Titled Tuesday Blitz December 13 Early 2022"]
[White "Kamsky, Gata"]
[Black "Mikhailovsky, Vladimir"]
[WhiteFideId "2000024"]
[BlackFideId "34105414"]
[WhiteElo "2666"]
[BlackElo "2295"]
[Result "1-0"]
[Round "03"]
[TimeControl "180+1"]
[Date "2022.12.13"]
[WhiteClock "0:01:39"]
[BlackClock "0:00:43"]

1. d4 d6 2. e4 Nf6 3. Nc3 e5 4. dxe5 dxe5 5. Qxd8+ Kxd8 6. Bc4 Be6 7. Bxe6 fxe6 8. f3 Nbd7 9. Nh3 Bc5 10. Nf2 Ke7 11. Nd3 Bd4 12. Ne2 Bb6 13. b3 c6 14. Bb2 Bc7 15. a4 g5 16. h3 Nh5 17. g4 Nf4 18. Nexf4 gxf4 19. h4 Bd6 20. h5 h6 21. Ke2 Rhg8 22. Bc3 Rg5 23. Rhd1 a5 24. Be1 Rg7 25. Bh4+ Ke8 26. Nxf4 1-0


[Site "https://www.chess.com"]

[Event "Titled Tuesday Blitz December 13 Early 2022"]
[White "Kazakouski, Valery"]
[Black "Maghsoodloo, Parham"]
[WhiteFideId "13507443"]
[BlackFideId "12539929"]
[WhiteElo "2516"]
[BlackElo "2672"]
[Result "1-0"]
[Round "03"]
[TimeControl "180+1"]
[Date "2022.12.13"]
[WhiteClock "0:00:09"]
[BlackClock "0:00:03"]

1. Nf3 d5 2. c4 e6 3. b3 c5 4. e3 d4 5. exd4 cxd4 6. g3 Nc6 7. Bg2 e5 8. O-O Bd6 9. Re1 Nge7 10. Na3 O-O 11. d3 f6 12. Nc2 a5 13. a3 g5 14. Rb1 Bf5 15. b4 Ng6 16. c5 Be7 17. Qe2 axb4 18. axb4 Ra2 19. Rb2 Rxb2 20. Bxb2 Re8 21. Nd2 Qd7 22. Ra1 Be6 23. Nc4 Bf8 24. Nb6 Qf7 25. b5 Nd8 26. Ba3 Bb3 27. Rb1 Kg7 28. Na1 Ba2 29. Rb2 Be6 30. Qc2 f5 31. Nb3 f4 32. Nd2 g4 33. Be4 Bf5 34. Nbc4 Ne6 35. c6 Ng5 36. Bxf8+ Rxf8 37. Nd6 Qe6 38. Nxf5+ Rxf5 39. Bxf5 Qxf5 40. Ne4 fxg3 41. Nxg5 gxh2+ 42. Kxh2 Qxg5 43. cxb7 Qh4+ 44. Kg1 g3 45. fxg3 Qxg3+ 46. Qg2 Qe1+ 47. Qf1 Qe3+ 48. Rf2 Nf4 49. b8=Q Nh3+ 50. Qxh3 Qxh3 51. Qxe5+ 1-0


[Site "https://www.chess.com"]

[Event "Titled Tuesday Blitz December 13 Early 2022"]
[White "Khandelwal, Ankush"]
[Black "Yeremyan, Alen"]
[WhiteFideId "413470"]
[BlackFideId "13308998"]
[WhiteElo "2271"]
[BlackElo "2159"]
[Result "1-0"]
[Round "03"]
[TimeControl "180+1"]
[Date "2022.12.14"]
[WhiteClock "0:00:09"]
[BlackClock "0:01:20"]

1. e4 Nf6 2. e5 Nd5 3. d4 d6 4. Nf3 Bg4 5. Be2 c6 6. c4 Nb6 7. Nbd2 N8d7 8. O-O Bxf3 9. Nxf3 dxe5 10. dxe5 e6 11. Qd4 Qc7 12. Bg5 h6 13. Qh4 Bc5 14. Rad1 Nxe5 15. Bf4 Nxf3+ 16. Bxf3 Qe7 17. Qg3 g5 18. Be5 f6 19. Bc3 Nxc4 20. Bh5+ Kf8 21. Kh1 Nd6 22. Qd3 e5 23. b4 Bd4 24. Bxd4 exd4 25. f4 Qe4 26. Qa3 Nc4 27. Qc1 Ne3 28. fxg5 Nxf1 29. Rxf1 hxg5 30. Rxf6+ Ke7 31. Qxg5 Rxh5 32. Qg7+ Kd8 33. Rf8+ Qe8 34. Rxe8+ Kxe8 35. Qg6+ Kd7 36. Qxh5 Re8 37. Qg4+ Kc7 38. h4 d3 39. Qg3+ Kb6 40. Qxd3 Re1+ 41. Kh2 Rc1 42. Qe3+ 1-0


[Site "https://www.chess.com"]

[Event "Titled Tuesday Blitz December 13 Early 2022"]
[White "Khoroshev, Nikita"]
[Black "Ronka, Erik"]
[WhiteFideId "14200287"]
[BlackFideId "505080"]
[WhiteElo "2354"]
[BlackElo "2264"]
[Result "1-0"]
[Round "03"]
[TimeControl "180+1"]
[Date "2022.12.14"]
[WhiteClock "0:00:54"]
[BlackClock "0:00:03"]

1. d4 Nf6 2. c4 g6 3. Nc3 Bg7 4. e4 d6 5. h3 O-O 6. Be3 c5 7. Nf3 cxd4 8. Nxd4 b6 9. Bd3 Bb7 10. O-O Nbd7 11. Re1 Rc8 12. Rc1 Ne5 13. b3 e6 14. Bb1 a6 15. f4 Ned7 16. Qd2 Nc5 17. Bf2 e5 18. fxe5 dxe5 19. Nf3 Qxd2 20. Nxd2 Bh6 21. Rcd1 b5 22. Nd5 Nxd5 23. exd5 Bxd2 24. Rxd2 bxc4 25. bxc4 f6 26. Rb2 Rf7 27. Bc2 a5 28. Rb5 Na6 29. Rxa5 Nb4 30. Bb3 Rd7 31. Ra7 Nd3 32. Rb1 Ra8 33. Rxa8+ Bxa8 34. Bb6 e4 35. c5 Bxd5 36. Bxd5+ Rxd5 37. c6 1-0


[Site "https://www.chess.com"]

[Event "Titled Tuesday Blitz December 13 Early 2022"]
[White "Kim, Sergey"]
[Black "Chernomordik, Pavel"]
[WhiteFideId "13700570"]
[BlackFideId "2804530"]
[WhiteElo "2586"]
[BlackElo "2193"]
[Result "1-0"]
[Round "03"]
[TimeControl "180+1"]
[Date "2022.12.14"]
[WhiteClock "0:01:33"]
[BlackClock "0:01:33"]

1. d4 g6 2. c4 Bg7 3. Nc3 d6 4. e4 Nf6 5. Nge2 c6 6. Ng3 a6 7. a4 a5 8. Be2 O-O 9. O-O Na6 10. Ra3 e5 11. d5 h5 12. Bg5 Qc7 13. Qd2 c5 14. Nb5 Qd7 15. h3 Nh7 16. Bh4 Nc7 17. Bxh5 Nxb5 18. axb5 gxh5 19. Nf5 Qc7 20. Nxg7 Kxg7 21. Rg3+ Kh8 22. Bf6+ Nxf6 23. Qh6+ Nh7 24. Qg7# 1-0


[Site "https://www.chess.com"]

[Event "Titled Tuesday Blitz December 13 Early 2022"]
[White "Klepikov, Nikita"]
[Black "Araujo Sanchez, Josue"]
[WhiteFideId "24145220"]
[BlackFideId "6416896"]
[WhiteElo "2025"]
[BlackElo "2370"]
[Result "0-1"]
[Round "03"]
[TimeControl "180+1"]
[Date "2022.12.14"]
[WhiteClock "0:00:04"]
[BlackClock "0:00:32"]

1. e4 c6 2. d4 d5 3. Nd2 dxe4 4. Nxe4 Bf5 5. Ng3 Bg6 6. N1e2 e6 7. h4 h6 8. Nf4 Bh7 9. Bc4 Bd6 10. Nfh5 Kf8 11. O-O Qxh4 12. Qf3 Nf6 13. Nxf6 Qxf6 14. Qxf6 gxf6 15. Bxh6+ Ke7 16. c3 Nd7 17. Bd2 Rag8 18. Ne2 b5 19. Bb3 Bh2+ 20. Kh1 Bd3 21. Ng1 Bxf1 22. Rxf1 Bxg1+ 23. Kxg1 f5 24. f3 Nf6 25. Kf2 Nd5 26. a4 a6 27. Bc2 Rh2 28. Rg1 f4 29. b3 Ne3 30. Bxe3 fxe3+ 31. Kxe3 Rgxg2 32. Rxg2 Rxg2 33. Be4 Kd6 34. axb5 axb5 35. c4 f5 36. Bd3 Rb2 37. cxb5 cxb5 38. Bxb5 Rxb3+ 39. Bd3 Kd5 40. f4 Ra3 0-1


[Site "https://www.chess.com"]

[Event "Titled Tuesday Blitz December 13 Early 2022"]
[White "Kodinets, Konstantin L."]
[Black "Orozbaev, Eldiar"]
[WhiteFideId "4122011"]
[BlackFideId "13802240"]
[WhiteElo "2447"]
[BlackElo "2154"]
[Result "0-1"]
[Round "03"]
[TimeControl "180+1"]
[Date "2022.12.14"]
[WhiteClock "0:00:02"]
[BlackClock "0:00:02"]

1. d4 c5 2. d5 d6 3. e4 e5 4. Bb5+ Bd7 5. a4 f5 6. exf5 Bxb5 7. axb5 Nf6 8. Ne2 Be7 9. Nbc3 O-O 10. Ng3 Nbd7 11. O-O a6 12. bxa6 Qb6 13. Qd3 bxa6 14. b3 Rfc8 15. Ra4 Qb7 16. Nge4 Nb6 17. Nxf6+ Bxf6 18. Rg4 Kh8 19. Bg5 Bxg5 20. Rxg5 c4 21. bxc4 Rxc4 22. Rd1 Rac8 23. Ne4 Rd4 24. Qe2 Qxd5 25. Rxd4 Qxd4 26. h4 Rf8 27. Rh5 Kg8 28. c3 Qc4 29. Qe3 Nd5 30. Qf3 a5 31. Nxd6 Qc6 32. c4 a4 33. cxd5 Qxd6 34. Rg5 a3 35. Qb3 Qa6 36. Qa2 Qd3 37. d6+ Kh8 38. f6 gxf6 39. Rg3 Qd1+ 40. Kh2 Qxd6 41. Rxa3 e4+ 42. g3 Rb8 43. Ra8 Kg7 44. Rxb8 Qxb8 45. Qe6 Qb7 46. h5 Qa7 47. Kg2 e3 48. Qxe3 Qa8+ 49. Qf3 Qa5 50. Qg4+ Kf7 51. Qf4 Qd5+ 52. Qf3 Qg5 53. g4 Qh4 54. Qg3 Qg5 55. f3 Qd5 56. Kh3 Qd1 57. Qg2 Qc1 58. Qf2 Kg7 59. Kg2 Kh6 60. Qe2 Kg5 61. Qf2 Qd1 0-1


[Site "https://www.chess.com"]

[Event "Titled Tuesday Blitz December 13 Early 2022"]
[White "Korchmar, Vasiliy"]
[Black "Yilmaz, Mustafa"]
[WhiteFideId "24131750"]
[BlackFideId "6302718"]
[WhiteElo "2370"]
[BlackElo "2564"]
[Result "0-1"]
[Round "03"]
[TimeControl "180+1"]
[Date "2022.12.13"]
[WhiteClock "0:00:07"]
[BlackClock "0:00:10"]

1. e4 c5 2. Nf3 d6 3. d4 cxd4 4. Nxd4 Nf6 5. Nc3 a6 6. Be2 e5 7. Nb3 Be7 8. O-O O-O 9. Be3 Be6 10. Nd5 Nbd7 11. Qd3 Bxd5 12. exd5 Rc8 13. c4 Ne8 14. f4 Bf6 15. f5 e4 16. Qd2 Be5 17. Bd4 Qf6 18. Rac1 Nc5 19. Bxe5 Qxe5 20. Nxc5 dxc5 21. Qc3 Qxc3 22. Rxc3 Nd6 23. f6 g6 24. Bg4 Rce8 25. h4 Re5 26. Kf2 h5 27. Bh3 e3+ 28. Rxe3 Rxe3 29. Kxe3 Nxc4+ 30. Kd3 Nb6 31. Rc1 c4+ 32. Kd4 Rd8 33. Kc5 Nxd5 34. Rxc4 Nxf6 35. Kb6 Rd2 36. b4 Rxa2 37. Kxb7 Nd5 38. Rd4 Nc3 39. Kb6 Nb5 40. Rd8+ Kg7 41. Bc8 Rxg2 42. Bxa6 Nc3 43. b5 Rg4 44. Kc5 Rxh4 45. b6 Na4+ 46. Kb5 Nxb6 47. Kxb6 Re4 48. Bb7 Re1 49. Bd5 h4 50. Rd7 Rf1 51. Rd6 h3 52. Kc5 h2 53. Bg2 Rg1 54. Bf3 Rf1 55. Bg2 h1=Q 56. Bxh1 Rxh1 57. Rd4 Re1 58. Rf4 Rd1 59. Kc4 f5 60. Kc3 Kf6 61. Rf2 g5 62. Kc2 Rd5 63. Rh2 g4 64. Kc1 Kg5 65. Rh8 g3 66. Rg8+ Kf4 67. Rh8 Kf3 68. Rg8 g2 69. Rg5 Kf2 0-1


[Site "https://www.chess.com"]

[Event "Titled Tuesday Blitz December 13 Early 2022"]
[White "Kosteniuk, Alexandra"]
[Black "Xiong, Jeffery"]
[WhiteFideId "4128125"]
[BlackFideId "2047640"]
[WhiteElo "2469"]
[BlackElo "2726"]
[Result "0-1"]
[Round "03"]
[TimeControl "180+1"]
[Date "2022.12.13"]
[WhiteClock "0:01:07"]
[BlackClock "0:02:05"]

1. e4 c5 2. c3 e6 3. Nf3 Nc6 4. d4 cxd4 5. cxd4 d5 6. e5 Nge7 7. Na3 Nf5 8. Nc2 Qb6 9. Bd3 Bd7 10. Bxf5 exf5 11. O-O h6 12. Rb1 Be7 13. b4 g5 14. b5 Na5 15. Ne3 Be6 16. Qd3 f4 17. Nf5 Bxf5 18. Qxf5 Qg6 19. Qxg6 fxg6 20. Bd2 Nc4 21. Bc3 Kd7 22. e6+ Kxe6 23. Rfe1+ Kf7 24. Ne5+ Nxe5 25. dxe5 Ke6 26. Bd4 Rhc8 27. Red1 Rc4 28. Kf1 b6 29. Ke2 Rac8 30. Kd3 Ra4 31. Rd2 Rcc4 32. Ba1 Bc5 33. Ke2 Bb4 0-1


[Site "https://www.chess.com"]

[Event "Titled Tuesday Blitz December 13 Early 2022"]
[White "Kostiukov, Alexandr"]
[Black "Omelja, Artem"]
[WhiteFideId "14108100"]
[BlackFideId "14119846"]
[WhiteElo "2202"]
[BlackElo "2404"]
[Result "1-0"]
[Round "03"]
[TimeControl "180+1"]
[Date "2022.12.14"]
[WhiteClock "0:00:52"]
[BlackClock "0:00:04"]

1. g3 d5 2. Bg2 c6 3. d3 h5 4. Nf3 Nd7 5. O-O e5 6. e4 h4 7. Nxh4 Rxh4 8. gxh4 Qxh4 9. exd5 cxd5 10. Qf3 Ngf6 11. Qg3 Qh7 12. Re1 Bd6 13. d4 Ne4 14. Qh3 Qg6 15. Qh8+ Nf8 16. dxe5 Bxe5 17. Nd2 Bf5 18. Nxe4 dxe4 19. Qh4 Ne6 20. Kh1 f6 21. Bxe4 O-O-O 22. Bg2 Nd4 23. Be3 Nxc2 24. Rac1 Kb8 25. Rxc2 Bxc2 26. Qb4 Qf7 27. Bf4 Bxf4 28. Qxf4+ Ka8 29. Rc1 Bd3 30. Rc7 Rd7 31. Bxb7+ Kb8 32. Rxd7# 1-0


[Site "https://www.chess.com"]

[Event "Titled Tuesday Blitz December 13 Early 2022"]
[White "Kriti Mayur Patel"]
[Black "Ciuffoletti, Paolo"]
[WhiteFideId "35061780"]
[BlackFideId "807630"]
[WhiteElo "1306"]
[BlackElo "2143"]
[Result "0-1"]
[Round "03"]
[TimeControl "180+1"]
[Date "2022.12.14"]
[WhiteClock "0:01:01"]
[BlackClock "0:00:42"]

1. e4 c5 2. d4 cxd4 3. c3 d3 4. Bxd3 Nc6 5. c4 d6 6. Nc3 Nf6 7. f4 g6 8. Nf3 Bg7 9. O-O O-O 10. Be3 Ng4 11. Bc1 Qb6+ 12. Kh1 Nf2+ 13. Rxf2 Qxf2 14. Nd5 Bg4 15. Be2 Bxf3 16. Bxf3 Rfe8 17. Be3 Qxb2 18. Rb1 Qxa2 19. Rxb7 Rab8 20. Rc7 Rb1 21. Bc1 Bb2 22. Rxc6 Rxc1 23. Qxc1 Bxc1 24. Rc7 Kf8 25. h3 Qf2 26. Kh2 e6 27. Nf6 Bxf4+ 28. Kh1 Qf1# 0-1


[Site "https://www.chess.com"]

[Event "Titled Tuesday Blitz December 13 Early 2022"]
[White "Kuchava, Ana"]
[Black "Avazkhonov, Alikhon"]
[WhiteFideId "13605348"]
[BlackFideId "14208504"]
[WhiteElo "2001"]
[BlackElo "1739"]
[Result "0-1"]
[Round "03"]
[TimeControl "180+1"]
[Date "2022.12.14"]
[WhiteClock "0:00:02"]
[BlackClock "0:00:05"]

1. d4 Nf6 2. Nf3 e6 3. c4 Bb4+ 4. Bd2 Qe7 5. Nc3 Bxc3 6. Bxc3 Ne4 7. Qc2 Nxc3 8. Qxc3 O-O 9. e4 d6 10. Bd3 c5 11. O-O Nc6 12. d5 exd5 13. exd5 Nb4 14. Rfe1 Qd8 15. Bb1 Bg4 16. h3 Bxf3 17. Qxf3 Re8 18. Be4 Re5 19. a3 Na6 20. Bd3 Qe7 21. Rxe5 Qxe5 22. Qe4 Qxe4 23. Bxe4 Re8 24. Bd3 g6 25. Kf1 f5 26. Re1 Re5 27. f4 Rxe1+ 28. Kxe1 Kf7 29. Kd2 Nc7 30. b4 h5 31. bxc5 dxc5 32. Be2 h4 33. Bf3 Ke7 34. Kc3 Kd6 35. Kd3 b5 36. cxb5 Nxb5 37. a4 Nd4 38. Bd1 Kxd5 39. Ke3 c4 40. Kd2 Ke4 41. Kc3 Ne6 42. Kxc4 Kxf4 43. Bf3 Ng5 44. Bd5 Kg3 45. Kd4 f4 46. Kd3 f3 47. gxf3 Nxf3 48. Be6 Ng5 49. Bg4 Nxh3 50. Ke3 Kxg4 0-1


[Site "https://www.chess.com"]

[Event "Titled Tuesday Blitz December 13 Early 2022"]
[White "Kuderinov, Kirill"]
[Black "Devaev, Alexander"]
[WhiteFideId "13701568"]
[BlackFideId "4169395"]
[WhiteElo "2459"]
[BlackElo "2225"]
[Result "1-0"]
[Round "03"]
[TimeControl "180+1"]
[Date "2022.12.14"]
[WhiteClock "0:01:32"]
[BlackClock "0:00:56"]

1. e4 c6 2. d4 d5 3. exd5 cxd5 4. Bd3 Nc6 5. c3 g6 6. h3 Bf5 7. Be2 Nf6 8. Nf3 Bg7 9. O-O O-O 10. Bf4 Re8 11. Nbd2 Ne4 12. Re1 Nxd2 13. Qxd2 Be4 14. Ne5 f6 15. Nxc6 bxc6 16. Rac1 e5 17. Bh6 Bh8 18. b3 Qd7 19. Bf1 g5 20. Rxe4 dxe4 21. Bc4+ Re6 22. dxe5 Qf7 23. Bxe6 Qxe6 24. exf6 Bxf6 25. Bxg5 Rd8 26. Qf4 Rf8 27. Bxf6 Rxf6 28. Qb8+ Kg7 29. Qxa7+ Rf7 30. Qd4+ Kh6 31. Re1 Re7 32. Qe3+ 1-0


[Site "https://www.chess.com"]

[Event "Titled Tuesday Blitz December 13 Early 2022"]
[White "Kulkarni, Vikramaditya"]
[Black "Liu, Xiangyi"]
[WhiteFideId "5009847"]
[BlackFideId "8605718"]
[WhiteElo "2273"]
[BlackElo "2323"]
[Result "0-1"]
[Round "03"]
[TimeControl "180+1"]
[Date "2022.12.14"]
[WhiteClock "0:00:02"]
[BlackClock "0:00:57"]

1. c4 e5 2. Nc3 b6 3. e3 Bb7 4. d4 Nc6 5. d5 Nce7 6. Nf3 d6 7. Be2 h6 8. O-O f5 9. e4 f4 10. Nh4 g6 11. Qa4+ Kf7 12. g3 g5 13. Nf5 Nxf5 14. exf5 Nf6 15. gxf4 gxf4 16. Kh1 Qc8 17. Qc2 c6 18. Bf3 cxd5 19. cxd5 Qc4 20. Rd1 Rc8 21. Qb3 Qc5 22. Bd2 Qxf2 23. Ne4 Nxe4 24. Bxe4 Rg8 25. Bc3 f3 26. Rd2 Qe3 27. Qc2 Rc4 28. Bd3 Rcg4 0-1


[Site "https://www.chess.com"]

[Event "Titled Tuesday Blitz December 13 Early 2022"]
[White "Kuzmin, Roman"]
[Black "Tatarinov, Dmitry"]
[WhiteFideId "44134932"]
[BlackFideId "24160067"]
[WhiteElo "2180"]
[BlackElo "2326"]
[Result "0-1"]
[Round "03"]
[TimeControl "180+1"]
[Date "2022.12.14"]
[WhiteClock "0:00:01"]
[BlackClock "0:01:10"]

1. e4 c5 2. Nf3 d6 3. d4 cxd4 4. Nxd4 Nf6 5. Nc3 a6 6. Be2 e6 7. O-O Qc7 8. f4 Nbd7 9. Bf3 Be7 10. a4 O-O 11. a5 Re8 12. Be3 Rb8 13. Qe1 b5 14. g4 b4 15. Nce2 Bb7 16. Ng3 Nc5 17. Bf2 e5 18. fxe5 dxe5 19. Ndf5 Bf8 20. g5 Nfd7 21. Bg2 b3 22. Rc1 Bc6 23. Kh1 Qb7 24. Bg1 bxc2 25. Rxc2 Nd3 26. Qc3 Bb5 27. Rd1 Rbc8 28. Qd2 Rxc2 29. Qxc2 Nf4 30. Nd6 Bxd6 31. Rxd6 Nf8 32. Rb6 Qa8 33. b4 N8e6 34. h4 g6 0-1


[Site "https://www.chess.com"]

[Event "Titled Tuesday Blitz December 13 Early 2022"]
[White "Lacasa Diaz, Jose Antonio"]
[Black "Yedidia, Daniel"]
[WhiteFideId "2203375"]
[BlackFideId "30905907"]
[WhiteElo "2338"]
[BlackElo "2553"]
[Result "0-1"]
[Round "03"]
[TimeControl "180+1"]
[Date "2022.12.14"]
[WhiteClock "0:00:13"]
[BlackClock "0:00:11"]

1. e4 e5 2. Nf3 Nc6 3. Bb5 a6 4. Ba4 Nf6 5. O-O Be7 6. d3 b5 7. Bb3 O-O 8. Nc3 d6 9. a3 Bg4 10. Be3 Nd7 11. h3 Bh5 12. Bd5 Ndb8 13. g4 Bg6 14. Ne2 a5 15. Ng3 Ra6 16. c3 Nd7 17. Kh2 Nb6 18. Bb3 a4 19. Ba2 Nd7 20. Rg1 Kh8 21. Nf5 Nc5 22. Qd2 Nb3 23. Bxb3 axb3 24. Qd1 Na5 25. d4 Qa8 26. Nxe7 Bxe4 27. Ng5 Nc4 28. d5 Bc2 29. Qf3 f5 30. Ne6 Rf6 31. Nxf5 g6 32. Bg5 Rf7 33. Qg3 gxf5 34. gxf5 Bxf5 35. Bh6 Bg6 36. f4 Qxd5 37. Ng5 Qd2+ 38. Qg2 Qxf4+ 39. Kh1 Rf5 40. Nf3 Ne3 41. Qg3 Qxf3+ 42. Qxf3 Rxf3 43. Bg7+ Kxg7 44. Kh2 Rf2+ 45. Rg2 Rxg2+ 46. Kh1 Be4 47. Rg1 Rxg1+ 48. Kxg1 c5 49. Kf2 Nf5 50. Ke2 b4 51. Kd2 bxa3 52. bxa3 Rxa3 53. Kc1 Ra2 54. Kd1 Rc2 55. Ke1 b2 56. Kf1 b1=Q# 0-1


[Site "https://www.chess.com"]

[Event "Titled Tuesday Blitz December 13 Early 2022"]
[White "Le Ruyet, Leopold"]
[Black "Hoffmann, Asa"]
[WhiteFideId "645923"]
[BlackFideId "2001470"]
[WhiteElo "2276"]
[BlackElo "2117"]
[Result "1-0"]
[Round "03"]
[TimeControl "180+1"]
[Date "2022.12.14"]
[WhiteClock "0:00:18"]
[BlackClock "0:00:09"]

1. e4 d6 2. d4 Nf6 3. Nc3 c6 4. g3 Nbd7 5. Bg2 e5 6. Nf3 Be7 7. O-O b5 8. a4 b4 9. Ne2 Nxe4 10. Nxe5 dxe5 11. Bxe4 Bb7 12. a5 a6 13. dxe5 Nxe5 14. Bf4 Ng6 15. Be3 O-O 16. Bb6 Qc8 17. Nd4 c5 18. Bxb7 Qxb7 19. Qf3 Qxf3 20. Nxf3 Rfc8 21. Rad1 Bf6 22. b3 c4 23. Rd7 cxb3 24. cxb3 Rc3 25. Nd2 Ne5 26. Rb7 Rd3 27. Ne4 Rxb3 28. Rc1 Rd3 29. Nc5 Rd5 30. Nxa6 b3 31. Nc7 Rc8 32. Nxd5 Rxc1+ 33. Kg2 h5 34. Nxf6+ gxf6 35. Bd4 Rb1 36. a6 Nc6 37. a7 Ra1 38. Rb8+ Kg7 39. a8=Q Rxa8 40. Rxa8 Nxd4 41. Rb8 f5 42. Rb4 1-0


[Site "https://www.chess.com"]

[Event "Titled Tuesday Blitz December 13 Early 2022"]
[White "Lenderman, Aleksandr"]
[Black "Talibov, Shiroghlan"]
[WhiteFideId "2021285"]
[BlackFideId "13429078"]
[WhiteElo "2607"]
[BlackElo "2261"]
[Result "1-0"]
[Round "03"]
[TimeControl "180+1"]
[Date "2022.12.13"]
[WhiteClock "0:00:12"]
[BlackClock "0:00:02"]

1. d4 Nf6 2. Bg5 e6 3. e4 d5 4. exd5 exd5 5. Bd3 c5 6. Nf3 Nc6 7. O-O c4 8. Re1+ Be7 9. Bf1 Be6 10. b3 b5 11. a4 a6 12. axb5 axb5 13. Rxa8 Qxa8 14. Nc3 Qa5 15. Qa1 Bb4 16. Qxa5 Bxa5 17. Bd2 Bxc3 18. Bxc3 Ne4 19. Bb2 O-O 20. bxc4 bxc4 21. Bxc4 dxc4 22. Rxe4 Rb8 23. Bc3 Bd5 24. Re1 f6 25. Nd2 Ra8 26. Ra1 Rxa1+ 27. Bxa1 Nb4 28. c3 Nd3 29. Nf1 Kf7 30. Ne3 Ke6 31. f3 f5 32. Kf1 g6 33. Ke2 Kd6 34. Kd2 Kc6 35. Kc2 f4 36. Ng4 Ne1+ 37. Kd2 Nxg2 38. Bb2 Nh4 39. Ne5+ Kd6 40. Ke2 Ke6 41. Kf2 Nf5 42. Bc1 g5 43. Ng4 h5 44. Ne5 Nh4 45. Bd2 Kf5 46. h3 Kf6 47. Ke2 Be6 48. Be1 Nf5 49. Bf2 Nd6 50. h4 g4 51. Be1 g3 52. Bd2 Kf5 53. Nc6 Bd5 54. Ne7+ Ke6 55. Nxd5 Kxd5 56. Bxf4 Nf5 57. Bg5 Ke6 58. Kf1 Kd5 59. Kg2 Ke6 60. Kh3 Kd5 61. Bf4 g2 62. Bh2 Ne3 63. Bg1 Nd1 64. Kxg2 Nxc3 65. Be3 Nd1 66. Bc1 c3 67. Kg3 Kxd4 68. Kf4 Kd3 69. Kg5 Nb2 70. f4 Ke2 71. f5 Nd3 72. Ba3 Ne5 73. Kxh5 Kf3 74. Kg5 Ke4 75. f6 c2 76. h5 Kd5 77. Kf5 Nf7 78. Kg6 Ke6 79. Kg7 1-0


[Site "https://www.chess.com"]

[Event "Titled Tuesday Blitz December 13 Early 2022"]
[White "Levine, David"]
[Black "Sonnenschein, Philipp"]
[WhiteFideId "2011611"]
[BlackFideId "16250877"]
[WhiteElo "2116"]
[BlackElo "2224"]
[Result "0-1"]
[Round "03"]
[TimeControl "180+1"]
[Date "2022.12.14"]
[WhiteClock "0:00:09"]
[BlackClock "0:00:25"]

1. d4 Nf6 2. c4 e6 3. g3 c5 4. d5 exd5 5. cxd5 d6 6. Nc3 g6 7. Bg2 Bg7 8. Nf3 O-O 9. O-O Re8 10. Nd2 Nbd7 11. Qc2 Rb8 12. a4 b6 13. h3 a6 14. e4 b5 15. axb5 axb5 16. b4 cxb4 17. Na2 Nxd5 18. Rb1 Nc3 19. Re1 Nxb1 20. Qxb1 Nc5 21. Bf1 Bd7 22. Nxb4 Ra8 23. Bb2 Ra4 24. Bxg7 Kxg7 25. Nd5 f6 26. Qb2 Bc6 27. Bxb5 Bxb5 28. Qxb5 Ra2 29. Qb4 Qa5 30. Nc4 Qxb4 31. Nxb4 Ra4 32. Nxd6 Re6 33. Nd3 Nxd3 0-1


[Site "https://www.chess.com"]

[Event "Titled Tuesday Blitz December 13 Early 2022"]
[White "Lewicki, Miroslaw"]
[Black "Xu, Yi"]
[WhiteFideId "1113380"]
[BlackFideId "8605564"]
[WhiteElo "2191"]
[BlackElo "2471"]
[Result "0-1"]
[Round "03"]
[TimeControl "180+1"]
[Date "2022.12.13"]
[WhiteClock "0:00:02"]
[BlackClock "0:00:07"]

1. g3 g6 2. Bg2 Bg7 3. Nf3 e5 4. O-O d5 5. d3 Ne7 6. Nc3 d4 7. Ne4 f5 8. Nc5 Nbc6 9. c3 b6 10. Nb3 dxc3 11. bxc3 O-O 12. Ba3 h6 13. Rc1 Kh7 14. Qd2 Bb7 15. Rfd1 Qd7 16. Ne1 Rae8 17. Nc2 Rf7 18. d4 e4 19. c4 Ng8 20. d5 Ne5 21. Ncd4 Qa4 22. Qb4 Qxb4 23. Bxb4 c5 24. dxc6 Nxc6 25. Nxc6 Bxc6 26. Nd4 Ba4 27. Rd2 Rd7 28. Nb5 Red8 29. Rxd7 Rxd7 30. f3 Nf6 31. fxe4 Nxe4 32. Bxe4 fxe4 33. Kf2 h5 34. e3 g5 35. Ke2 h4 36. gxh4 gxh4 37. Bd2 Be5 38. h3 Rg7 39. Bc3 Rg2+ 40. Kf1 Rh2 41. Kg1 Bg3 42. Rf1 Rxh3 43. Rf7+ Kg6 44. Rg7+ Kh5 45. Nd4 Be5 46. Rh7+ Kg6 47. Re7 Rxe3 48. Rxe5 Rxc3 49. Rxe4 h3 50. Ne2 Rc2 51. Kh2 Rxa2 52. Kxh3 Kf5 53. Ng3+ Kf6 54. Rd4 Rc2 55. Kg4 Bb3 56. Ne4+ Ke5 0-1


[Site "https://www.chess.com"]